 Dungeon Sprint DCSS version 0.24.1-14-gf8d2b509d9 (webtiles) character file.

Game seed: 4806942719995499622, levelgen mode: deterministic

1378 Baz the Geomancer (level 8, -7/41 HPs)
             Began as a Gargoyle Earth Elementalist on Oct 5, 2020.
             Was a Priest of Vehumet.
             Splashed by an oklob plant's acid (13 damage)
             ... in the Dungeon (Sprint IV: "Fedhas' Mad Dash").
             The game lasted 00:06:47 (2310 turns).

Baz the Geomancer (Gargoyle Earth Elementalist)     Turns: 2310, Time: 00:06:48

Health: -7/41      AC:  3    Str: 11    XL:     8   Next: 66%
Magic:  3/22       EV: 12    Int: 19    God:    Vehumet [***...]
Gold:   139        SH:  0    Dex: 10    Spells: 19/28 levels left

rFire    . . .     SeeInvis .   l - +1 scimitar (freeze)
rCold    . . .     Gourm    .   (no shield)
rNeg     + . .     Faith    .   c - +0 robe
rPois    ∞         Spirit   .   (no helmet)
rElec    +         Reflect  .   (no cloak)
rCorr    .         Harm     .   (no gloves)
MR       .....     NoTele   +   (no boots)
Stlth    ++........             i - amulet of invisibility {+Inv}
HPRegen  0.13/turn              (no ring)
MPRegen  0.18/turn              (no ring)

@: corroded, very slightly contaminated, invisible (expiring)
A: negative energy resistance 1, electricity resistance, unbreathing,
petrification resistance, rot immunity, AC +5
a: Renounce Religion


You were in the Dungeon.
You worshipped Vehumet.
Vehumet was most pleased with you.
You were not hungry.

You visited 1 branch You collected 139 gold pieces.

Inventory:

Hand Weapons
 l - a +1 scimitar of freezing (weapon)
Armour
 c - a +0 robe (worn)
Jewellery
 i - the amulet of invisibility (around neck) {+Inv}
   (You found it in the Dungeon)

   [amulet of nothing]

   It lets you turn invisible.
Scrolls
 a - 2 scrolls of identify {unknown}
 b - a scroll of summoning {unknown}
 j - a scroll of blinking
 k - a scroll of remove curse {unknown}
Potions
 e - a potion of curing
Comestibles
 d - a ration


   Skills:
 - Level 1.5 Dodging
 - Level 2.1 Stealth
 * Level 10.7 Spellcasting
   Level 0.7 Transmutations
 + Level 13.5 Earth Magic
 + Level 8.8 Evocations


You had 19 spell levels left.
You knew the following spells:

 Your Spells              Type           Power        Failure   Level  Hunger
a - Sandblast             Erth           ######       1%          1    None
b - Stone Arrow           Conj/Erth      #####.       1%          3    None
c - Lee's Rapid Deconstr  Erth           ######....   1%          5    ####...

Your spell library contained the following spells:

 Spells                   Type           Power        Failure   Level  Hunger
 Mephitic Cloud           Conj/Pois/Air  ##......     5%          3    None
 Passwall                 Tmut/Erth      #####...     1%          2    None
 Petrify                  Tmut/Erth      #####...     3%          4    ##.....


Dungeon Overview and Level Annotations

Branches:
Dungeon (1/1)

Altars:
Cheibriados
Dithmenos
Elyvilon
Gozag
Hepliaklqana
Kikubaaqudgha
Makhleb
Nemelex Xobeh
Okawaru
Qazlal
Ru
Sif Muna
Trog
Uskayaw
Vehumet
Wu Jian
Xom
Yredelemnul
Zin
The Shining One
Beogh
Jiyva
Lugonu

Shops:
D %%(=

Annotations:
D exclusion: oklob plant


Innate Abilities, Weirdness & Mutations

You are resistant to torment.
Your stone body is resilient. (AC +5)
You are immune to poison.
You resist negative energy. (rN+)
You are resistant to electric shocks. (rElec)
You can survive without breathing.
You are immune to petrification.
You are immune to rotting.


Message History

You hit the oklob plant. You freeze the oklob plant.
The oklob plant is severely damaged.
You hit the oklob plant but do no damage.
The oklob plant is severely damaged.
You hit the oklob plant. You freeze the oklob plant.
The oklob plant is severely damaged.
You hit the oklob plant but do no damage.
The oklob plant is severely damaged.
You flicker for a moment.
The oklob plant spits acid at you. The splash of acid hits you!
You are splashed with acid!
You hit the oklob plant. You freeze the oklob plant.
The oklob plant is almost destroyed.
You hit the oklob plant. You freeze the oklob plant.
The oklob plant is almost destroyed.
The oklob plant spits acid at you. The splash of acid hits you!
* * * LOW HITPOINT WARNING * * *
The acid corrodes you!
You are splashed with acid!
You die...

#<..P#.....#.....#.
#PP..'.....'.#)..'.
#PPPP#.....#.#...#.
###############'##.
#...♣........'†..#.
#......♣.....#...##
#.....♣..♣..######
##'####+##### #.@#
#P.# ####


You could see an oklob plant.

Vanquished Creatures
  A queen bee (D)
  A burning bush (D)
  2 wandering mushrooms (D)
  2 scorpions (D)
  4 killer bees (D)
  4 oklob saplings (D)
  A worker ant (D)
  2 spriggans (D)
  A river rat (D)
  A rat (D)
19 creatures vanquished.

Notes
Turn   | Place    | Note
-------+----------+-------------------------------------------
     0 | D        | Baz the Gargoyle Earth Elementalist began the quest for the
                  | Orb.
     0 | D        | Reached XP level 1. HP: 10/10 MP: 3/3
    13 | D        | Reached skill level 5 in Earth Magic
    13 | D        | Reached XP level 2. HP: 3/15 MP: 0/5
   279 | D        | Reached skill level 7 in Earth Magic
   279 | D        | Reached XP level 3. HP: 7/19 MP: 5/8
   478 | D        | Learned a level 3 spell: Stone Arrow
   481 | D        | Noticed an oklob sapling
   489 | D        | Killed an oklob sapling
   489 | D        | Reached skill level 8 in Earth Magic
   489 | D        | Reached XP level 4. HP: 24/24 MP: 5/10
   495 | D        | Found the amulet of invisibility {+Inv}
   531 | D        | HP: 1/24 [acid (9)]
   920 | D        | Reached skill level 1 in Evocations
   960 | D        | Found an opulent altar of Gozag.
   960 | D        | Found a hazy altar of Hepliaklqana.
   960 | D        | Found a burning altar of Makhleb.
   960 | D        | Found a roughly hewn altar of Beogh.
   960 | D        | Found a sparkling altar of Nemelex Xobeh.
   960 | D        | Found a snail-covered altar of Cheibriados.
   960 | D        | Found a sacrificial altar of Ru.
   960 | D        | Found a shimmering blue altar of Sif Muna.
   960 | D        | Found a shimmering altar of Xom.
   960 | D        | Found a basalt altar of Yredelemnul.
   961 | D        | Found a viscous altar of Jiyva.
   961 | D        | Found a bloodstained altar of Trog.
   961 | D        | Found an ornate altar of the Wu Jian Council.
   961 | D        | Noticed an oklob sapling priest
   965 | D        | Found an iron altar of Okawaru.
   965 | D        | Found a shadowy altar of Dithmenos.
   965 | D        | Found a glowing silver altar of Zin.
   966 | D        | Found a hide-covered altar of Uskayaw.
   966 | D        | Found an ancient bone altar of Kikubaaqudgha.
   967 | D        | Found a stormy altar of Qazlal.
   967 | D        | Found a glowing golden altar of the Shining One.
   967 | D        | Found a white marble altar of Elyvilon.
   970 | D        | Found a radiant altar of Vehumet.
   970 | D        | Found a corrupted altar of Lugonu.
   972 | D        | Killed an oklob sapling priest
   972 | D        | Reached skill level 5 in Spellcasting
   972 | D        | Reached skill level 9 in Earth Magic
   972 | D        | Reached XP level 5. HP: 28/28 MP: 1/13
   979 | D        | Learned a level 5 spell: Lee's Rapid Deconstruction
  1191 | D        | Became a worshipper of Vehumet
  1253 | D        | Reached skill level 10 in Earth Magic
  1256 | D        | Reached * piety under Vehumet
  1256 | D        | Offered knowledge of Magic Dart by Vehumet.
  1257 | D        | Reached skill level 5 in Evocations
  1257 | D        | Reached XP level 6. HP: 22/32 MP: 8/15
  1356 | D        | Found Ediusevu's Food Shop.
  1356 | D        | Found Neatat's Food Emporium.
  1367 | D        | Noticed a burning bush
  1367 | D        | Noticed a wandering mushroom
  1455 | D        | Killed a wandering mushroom
  1455 | D        | Reached skill level 11 in Earth Magic
  1455 | D        | Reached XP level 7. HP: 36/36 MP: 0/18
  1570 | D        | Reached ** piety under Vehumet
  1570 | D        | Offered knowledge of Searing Ray by Vehumet.
  1616 | D        | Noticed a wandering mushroom
  1621 | D        | Killed a wandering mushroom
  1621 | D        | Reached skill level 12 in Earth Magic
  1799 | D        | Killed a burning bush
  1799 | D        | Reached XP level 8. HP: 31/41 MP: 1/21
  1918 | D        | Found Soojew's Jewellery Emporium.
  1918 | D        | Found Larrige's Antique Weapon Shoppe.
  1965 | D        | Noticed a queen bee
  1990 | D        | Offered knowledge of Mephitic Cloud by Vehumet.
  1990 | D        | Reached skill level 13 in Earth Magic
  1995 | D        | Reached *** piety under Vehumet
  1998 | D        | Reached skill level 10 in Spellcasting
  2008 | D        | Killed a queen bee
  2287 | D        | Noticed an oklob plant
  2310 | D        | Splashed by an oklob plant's acid

Levels and vault maps discovered:
D:        dungeon_sprint_fedhas [sprint_temple]

Skill      XL: |  1  2  3  4  5  6  7  8 |
---------------+-------------------------+-----
Earth Magic    | 5 7 8 9 10 11 12 13 | 13.5
Spellcasting   | 3 4 5 6 8 9 10 | 10.7
Evocations     | 3 5 6 8 |  8.8
Dodging        | |  1.5
Stealth        | |  2.1
Transmutations | |  0.7

Action                   |  1- 3 |  4- 6 |  7- 9 || total
-------------------------+-------+-------+-------++-------
Melee: Unarmed           |     3 |       |       ||     3
       Scimitar          |       |       |     9 ||     9
 Cast: Sandblast         |    12 |    11 |     7 ||    30
       Stone Arrow       |       |     7 |    29 ||    36
       Lee's Rapid Decon |       |       |     3 ||     3
 Abil: Evoke Invisibilit |       |     2 |     1 ||     3
  Use: Potion            |     2 |       |     3 ||     5
  Eat: Ration            |       |     1 |     1 ||     2
Armor: Robe              |     2 |       |     5 ||     7
Dodge: Dodged            |     4 |     2 |    23 ||    29
       Rpst.: Scimitar   |       |       |     7 ||     7
